[ AOE2 MATCH · #488760505 ]
UnrankedAztecs vs Italians
[ REPLAY ANALYSIS · EXTRACTED FROM THE RECORDED GAME ]
Feudal
12:42
Castle
16:13
Imperial
—
| APM avg | 47.6 |
| APM peak | 67 |
| eAPM avg | 28.7 |
| Villagers / military | 189 / 145 |
Focus
⚔️ 38.0% · 🌾 62.0%
Eagle Scout ×103 · Jaguar Warrior ×23 · Spearman ×19 · Fishing Ship ×4
Feudal
12:47
Castle
16:23
Imperial
37:02
| APM avg | 58.4 |
| APM peak | 88 |
| eAPM avg | 27.8 |
| Villagers / military | 170 / 46 |
Focus
⚔️ 27.2% · 🌾 72.8%
Unknown (882) ×27 · Knight ×24 · Genoese Crossbowman ×12 · Fishing Ship ×8 · Scout Cavalry ×8 · Spearman ×1
Feudal
11:54
Castle
21:32
Imperial
38:30
| APM avg | 72.4 |
| APM peak | 121 |
| eAPM avg | 43.8 |
| Villagers / military | 161 / 118 |
Focus
⚔️ 64.8% · 🌾 35.2%
Magyar Huszar ×58 · Scout Cavalry ×44 · Knight ×6 · Fishing Ship ×5 · Monk ×4 · Trebuchet (Packed) ×4
Feudal
12:45
Castle
20:44
Imperial
—
| APM avg | 35.9 |
| APM peak | 81 |
| eAPM avg | 21.5 |
| Villagers / military | 122 / 92 |
Focus
⚔️ 40.1% · 🌾 59.9%
Spearman ×46 · Longbowman ×44 · Fishing Ship ×6 · Unknown (2626) ×6 · Fire Galley ×2
Match map
Initial resources + every placement click. Lines = walls · curves = elevation contours. ◆ gold · ⬟ stone · ● berries · ✦ relic · ◌ wall gap
Your base· Open — unwalled flank
NOC | Running's base· Open — unwalled flank
TAG_Sitaux's base· Open — unwalled flank
NOC | Target331's base· Open — unwalled flank
Smoothed initial terrain · ◌ = detected wall gap · hover for details
Inputs per minute
— TAG_Smiley - - NOC | Running
Build order — TAG_Smiley
First 150 of 401 actions detected
| 0:39 | Build | Dock |
| 1:03 | Build | Town Center |
| 1:24 | Build | House |
| 2:58 | Create | Villager (Male) |
| 2:58 | Create | Villager (Male) |
| 2:58 | Create | Villager (Male) |
| 2:59 | Create | Villager (Male) |
| 2:59 | Create | Villager (Male) |
| 3:57 | Create | Villager (Male) |
| 3:57 | Create | Villager (Male) |
| 4:09 | Create | Fishing Ship |
| 4:29 | Build | House |
| 5:06 | Create | Villager (Male) |
| 5:06 | Create | Villager (Male) |
| 5:34 | Create | Villager (Male) |
| 5:49 | Build | House |
| 6:07 | Create | Villager (Male) |
| 6:23 | Create | Fishing Ship |
| 6:36 | Create | Villager (Male) |
| 6:36 | Create | Villager (Male) |
| 6:43 | Create | Villager (Male) |
| 6:49 | Create | Fishing Ship |
| 6:49 | Create | Fishing Ship |
| 7:04 | Create | Villager (Male) |
| 7:21 | Create | Villager (Male) |
| 7:52 | Create | Villager (Male) |
| 7:53 | Create | Villager (Male) |
| 7:58 | Build | House |
| 8:05 | Create | Villager (Male) |
| 8:27 | Create | Villager (Male) |
| 8:28 | Create | Villager (Male) |
| 9:14 | Create | Villager (Male) |
| 9:16 | Build | Mill |
| 9:28 | Create | Villager (Male) |
| 9:28 | Create | Villager (Male) |
| 10:10 | Research | Feudal Age |
| 10:20 | Build | Mining Camp |
| 10:44 | Create | Villager (Male) |
| 11:07 | Build | House |
| 12:04 | Create | Villager (Male) |
| 12:42 | Age | Feudal Age |
| 12:47 | Build | Blacksmith |
| 13:00 | Build | Market |
| 13:09 | Create | Villager (Male) |
| 13:33 | Research | Castle Age |
| 13:38 | Create | Villager (Male) |
| 13:52 | Create | Villager (Male) |
| 14:11 | Research | Loom |
| 14:19 | Build | Barracks |
| 14:42 | Create | Villager (Male) |
| 14:49 | Create | Villager (Male) |
| 15:02 | Create | Villager (Male) |
| 15:15 | Create | Eagle Scout |
| 15:15 | Create | Eagle Scout |
| 15:17 | Research | Scale Mail Armor |
| 15:46 | Build | Barracks |
| 15:53 | Create | Eagle Scout |
| 15:53 | Create | Eagle Scout |
| 15:53 | Create | Eagle Scout |
| 15:58 | Research | Forging |
| 16:13 | Age | Castle Age |
| 16:17 | Build | House |
| 16:30 | Create | Eagle Scout ×4 |
| 16:30 | Create | Eagle Scout ×4 |
| 16:39 | Create | Villager (Male) |
| 16:44 | Build | House |
| 16:49 | Create | Eagle Scout |
| 17:05 | Build | House |
| 17:16 | Research | Squires |
| 17:27 | Create | Villager (Male) |
| 17:37 | Create | Eagle Scout |
| 17:37 | Create | Eagle Scout |
| 18:01 | Build | Mill |
| 18:07 | Build | Town Center |
| 18:21 | Create | Eagle Scout ×2 |
| 18:21 | Create | Eagle Scout ×2 |
| 18:34 | Build | House |
| 18:34 | Build | House |
| 19:02 | Create | Eagle Scout ×2 |
| 19:08 | Create | Villager (Male) |
| 19:08 | Create | Villager (Male) |
| 19:15 | Build | Palisade Gate |
| 19:16 | Build | House |
| 19:26 | Create | Eagle Scout |
| 20:06 | Create | Villager (Male) |
| 20:06 | Create | Villager (Male) |
| 20:09 | Create | Villager (Male) |
| 20:18 | Create | Villager (Male) |
| 20:44 | Build | House |
| 21:03 | Research | Eagle Warrior (upgrade) |
| 21:06 | Create | Eagle Scout |
| 21:07 | Create | Villager (Male) |
| 21:14 | Build | Palisade Wall |
| 21:31 | Build | House |
| 21:32 | Build | Palisade Wall |
| 21:42 | Create | Villager (Male) |
| 21:42 | Create | Villager (Male) |
| 21:47 | Build | Palisade Wall |
| 21:48 | Build | Palisade Wall |
| 21:50 | Build | Palisade Wall |
| 21:53 | Build | House |
| 21:54 | Build | Palisade Wall |
| 22:03 | Create | Eagle Scout ×2 |
| 22:03 | Create | Eagle Scout ×2 |
| 22:28 | Create | Eagle Scout |
| 22:30 | Create | Villager (Male) |
| 22:30 | Create | Villager (Male) |
| 22:48 | Create | Eagle Scout |
| 22:54 | Create | Villager (Male) |
| 22:54 | Create | Villager (Male) |
| 23:01 | Build | Farm |
| 23:01 | Build | Farm |
| 23:01 | Build | Farm |
| 23:01 | Build | Farm |
| 23:02 | Build | Farm |
| 23:08 | Build | Barracks |
| 23:15 | Build | Palisade Wall |
| 23:22 | Create | Villager (Male) |
| 23:22 | Create | Villager (Male) |
| 23:24 | Create | Eagle Scout ×2 |
| 23:25 | Create | Eagle Scout ×2 |
| 23:31 | Create | Villager (Male) |
| 23:31 | Create | Villager (Male) |
| 23:42 | Create | Eagle Scout |
| 23:42 | Create | Eagle Scout |
| 24:00 | Create | Villager (Male) |
| 24:04 | Create | Eagle Scout |
| 24:06 | Create | Villager (Male) |
| 24:06 | Create | Villager (Male) |
| 24:20 | Create | Villager (Male) |
| 24:20 | Create | Villager (Male) |
| 24:24 | Create | Villager (Male) |
| 24:31 | Create | Eagle Scout |
| 24:33 | Create | Villager (Male) |
| 24:34 | Create | Villager (Male) |
| 24:47 | Research | Arson |
| 24:47 | Research | Arson |
| 25:16 | Build | House |
| 25:19 | Create | Villager (Male) |
| 25:19 | Create | Villager (Male) |
| 25:23 | Create | Eagle Scout |
| 25:33 | Build | House |
| 25:33 | Build | House |
| 25:34 | Build | Palisade Wall |
| 25:43 | Create | Villager (Male) |
| 25:52 | Research | Arson |
| 26:05 | Build | Barracks |
| 26:08 | Create | Eagle Scout |
| 26:16 | Create | Eagle Scout |
| 26:16 | Create | Eagle Scout |
Build order — NOC | Running
First 150 of 348 actions detected
| 0:48 | Build | Town Center |
| 2:16 | Build | House |
| 2:22 | Build | Dock |
| 2:23 | Create | Villager (Male) |
| 2:23 | Create | Villager (Male) |
| 2:23 | Create | Villager (Male) |
| 2:44 | Create | Villager (Male) |
| 3:44 | Create | Fishing Ship |
| 4:09 | Build | House |
| 4:12 | Create | Villager (Male) |
| 4:40 | Create | Villager (Male) |
| 5:06 | Create | Villager (Male) |
| 5:18 | Build | House |
| 5:32 | Create | Villager (Male) |
| 5:51 | Create | Fishing Ship |
| 6:00 | Create | Villager (Male) |
| 6:18 | Create | Villager (Male) |
| 6:26 | Create | Fishing Ship |
| 6:52 | Create | Villager (Male) |
| 7:11 | Create | Villager (Male) |
| 7:11 | Create | Villager (Male) |
| 7:14 | Build | House |
| 7:23 | Create | Fishing Ship |
| 7:42 | Create | Villager (Male) |
| 8:00 | Create | Villager (Male) |
| 8:07 | Create | Fishing Ship |
| 8:14 | Create | Villager (Male) |
| 8:17 | Build | House |
| 8:40 | Create | Villager (Male) |
| 8:40 | Create | Villager (Male) |
| 8:47 | Create | Fishing Ship |
| 9:17 | Research | Loom |
| 9:21 | Create | Villager (Male) |
| 9:31 | Create | Fishing Ship |
| 9:37 | Build | Mill |
| 9:43 | Create | Villager (Male) |
| 9:46 | Build | House |
| 10:11 | Create | Villager (Male) |
| 10:26 | Create | Fishing Ship |
| 10:36 | Research | Feudal Age |
| 11:15 | Create | Villager (Male) |
| 11:15 | Create | Villager (Male) |
| 11:21 | Build | Barracks |
| 12:47 | Age | Feudal Age |
| 12:48 | Build | Stable |
| 13:11 | Build | Blacksmith |
| 13:18 | Research | Loom |
| 13:41 | Research | Castle Age |
| 13:42 | Create | Scout Cavalry |
| 13:45 | Build | House |
| 14:04 | Research | Tech 906 |
| 14:19 | Create | Scout Cavalry |
| 14:20 | Research | Forging |
| 14:21 | Research | Forging |
| 14:58 | Create | Scout Cavalry |
| 15:24 | Build | Lumber Camp |
| 15:45 | Create | Spearman |
| 15:58 | Create | Unit 2626 |
| 16:11 | Create | Villager (Male) |
| 16:23 | Age | Castle Age |
| 16:25 | Build | Town Center |
| 16:32 | Research | Light Cavalry (upgrade) |
| 16:32 | Research | Light Cavalry (upgrade) |
| 17:06 | Create | Villager (Male) |
| 17:07 | Create | Scout Cavalry |
| 17:25 | Create | Villager (Male) |
| 17:25 | Create | Villager (Male) |
| 17:48 | Build | House |
| 17:53 | Create | Villager (Male) |
| 17:56 | Create | Scout Cavalry |
| 17:58 | Research | Double-Bit Axe |
| 18:19 | Create | Villager (Male) |
| 18:19 | Create | Villager (Male) |
| 18:27 | Build | House |
| 18:33 | Create | Knight |
| 18:39 | Build | Stable |
| 18:51 | Create | Villager (Male) |
| 18:51 | Create | Villager (Male) |
| 19:24 | Create | Scout Cavalry |
| 19:24 | Create | Scout Cavalry |
| 19:47 | Create | Villager (Male) |
| 19:47 | Create | Villager (Male) |
| 19:53 | Create | Knight |
| 20:11 | Create | Villager (Male) |
| 20:20 | Create | Villager (Male) |
| 20:45 | Research | Bloodlines |
| 20:52 | Create | Knight |
| 20:54 | Create | Villager (Male) |
| 21:15 | Create | Villager (Male) |
| 21:15 | Create | Villager (Male) |
| 21:15 | Create | Villager (Male) |
| 21:37 | Create | Villager (Male) |
| 21:44 | Create | Knight |
| 21:44 | Create | Knight |
| 21:59 | Research | Husbandry |
| 22:10 | Build | Town Center |
| 22:19 | Create | Villager (Male) |
| 22:19 | Create | Villager (Male) |
| 22:20 | Create | Villager (Male) |
| 22:35 | Create | Knight |
| 22:35 | Create | Knight |
| 22:41 | Build | House |
| 23:02 | Build | House |
| 23:07 | Create | Villager (Male) |
| 23:07 | Create | Villager (Male) |
| 23:07 | Create | Villager (Male) |
| 23:37 | Create | Villager (Male) |
| 23:38 | Create | Villager (Male) |
| 23:51 | Create | Villager (Male) |
| 23:51 | Create | Villager (Male) |
| 23:51 | Create | Villager (Male) |
| 24:13 | Create | Villager (Male) |
| 24:13 | Create | Villager (Male) |
| 24:13 | Create | Villager (Male) |
| 24:30 | Create | Knight |
| 24:30 | Create | Knight |
| 24:34 | Create | Villager (Male) |
| 24:46 | Create | Scout Cavalry |
| 24:56 | Build | House |
| 25:06 | Create | Knight |
| 25:25 | Research | Fletching |
| 25:28 | Create | Knight |
| 25:31 | Build | Monastery |
| 25:44 | Create | Villager (Male) |
| 25:44 | Create | Villager (Male) |
| 25:45 | Create | Villager (Male) |
| 26:09 | Create | Knight |
| 26:10 | Create | Knight |
| 26:10 | Create | Knight |
| 26:11 | Create | Villager (Male) |
| 26:31 | Create | Villager (Male) |
| 26:31 | Create | Villager (Male) |
| 26:31 | Create | Villager (Male) |
| 26:47 | Build | Mining Camp |
| 26:57 | Create | Knight |
| 27:05 | Create | Villager (Male) |
| 27:10 | Build | Market |
| 27:30 | Create | Villager (Male) |
| 27:38 | Create | Villager (Male) |
| 27:38 | Create | Villager (Male) |
| 27:48 | Create | Knight |
| 27:57 | Create | Villager (Male) |
| 28:04 | Create | Knight |
| 28:04 | Create | Knight |
| 28:11 | Build | House |
| 28:15 | Create | Villager (Male) |
| 28:15 | Create | Villager (Male) |
| 28:15 | Create | Villager (Male) |
| 28:21 | Build | House |
| 28:41 | Create | Villager (Male) |
Build order — TAG_Sitaux
First 150 of 453 actions detected
| 0:53 | Build | Town Center |
| 1:43 | Build | House |
| 2:27 | Create | Villager (Male) |
| 2:27 | Create | Villager (Male) |
| 2:28 | Create | Villager (Male) |
| 2:28 | Create | Villager (Male) |
| 2:49 | Build | Dock |
| 3:44 | Create | Villager (Male) |
| 3:59 | Build | House |
| 4:28 | Create | Villager (Male) |
| 4:56 | Create | Fishing Ship |
| 4:57 | Create | Villager (Male) |
| 5:22 | Create | Villager (Male) |
| 5:32 | Build | House |
| 5:46 | Create | Villager (Male) |
| 5:57 | Create | Fishing Ship |
| 6:12 | Create | Villager (Male) |
| 6:34 | Create | Fishing Ship |
| 6:40 | Create | Villager (Male) |
| 6:48 | Build | House |
| 7:06 | Create | Villager (Male) |
| 7:06 | Create | Villager (Male) |
| 7:17 | Create | Fishing Ship |
| 7:32 | Create | Villager (Male) |
| 7:55 | Create | Villager (Male) |
| 8:00 | Create | Fishing Ship |
| 8:04 | Create | Villager (Male) |
| 8:16 | Build | House |
| 8:40 | Create | Villager (Male) |
| 8:46 | Build | Lumber Camp |
| 9:07 | Create | Villager (Male) |
| 9:44 | Research | Feudal Age |
| 10:08 | Build | Mill |
| 10:52 | Build | Barracks |
| 11:23 | Create | Villager (Male) |
| 11:35 | Build | House |
| 11:54 | Age | Feudal Age |
| 11:57 | Build | Stable |
| 12:01 | Research | Double-Bit Axe |
| 12:04 | Create | Unit 2626 |
| 12:09 | Build | House |
| 12:10 | Create | Villager (Male) |
| 12:33 | Build | Mining Camp |
| 12:34 | Create | Villager (Male) |
| 12:51 | Create | Scout Cavalry |
| 12:52 | Build | House |
| 12:54 | Create | Villager (Male) |
| 12:58 | Create | Scout Cavalry |
| 13:25 | Create | Scout Cavalry |
| 13:28 | Build | House |
| 13:30 | Create | Villager (Male) |
| 13:42 | Build | Stable |
| 13:55 | Create | Villager (Male) |
| 14:03 | Build | Blacksmith |
| 14:21 | Create | Scout Cavalry |
| 14:23 | Create | Villager (Male) |
| 14:25 | Build | House |
| 14:26 | Build | House |
| 14:42 | Build | Mill |
| 14:49 | Create | Scout Cavalry |
| 14:51 | Research | Bloodlines |
| 14:53 | Create | Villager (Male) |
| 15:11 | Build | House |
| 15:13 | Create | Scout Cavalry |
| 15:19 | Build | Mill |
| 15:26 | Create | Villager (Male) |
| 15:46 | Build | Mill |
| 15:47 | Build | House |
| 15:53 | Create | Villager (Male) |
| 16:01 | Build | Mill |
| 16:14 | Create | Villager (Male) |
| 16:42 | Create | Villager (Male) |
| 17:10 | Create | Villager (Male) |
| 17:18 | Create | Unit 2626 |
| 17:24 | Create | Scout Cavalry |
| 17:25 | Create | Scout Cavalry |
| 17:30 | Create | Villager (Male) |
| 17:32 | Build | House |
| 18:11 | Create | Villager (Male) |
| 18:15 | Create | Scout Cavalry |
| 18:15 | Create | Scout Cavalry |
| 18:52 | Research | Castle Age |
| 19:05 | Build | Palisade Wall |
| 19:06 | Build | Palisade Wall |
| 19:11 | Create | Scout Cavalry |
| 19:11 | Create | Scout Cavalry |
| 19:25 | Create | Scout Cavalry |
| 19:28 | Build | Mill |
| 19:47 | Create | Scout Cavalry |
| 19:54 | Build | Stable |
| 19:56 | Research | Scale Barding Armor |
| 20:07 | Research | Loom |
| 20:15 | Create | Scout Cavalry |
| 20:24 | Create | Scout Cavalry |
| 20:39 | Create | Scout Cavalry |
| 20:50 | Create | Scout Cavalry |
| 20:58 | Build | Stable |
| 21:04 | Create | Scout Cavalry |
| 21:32 | Age | Castle Age |
| 21:34 | Research | Light Cavalry (upgrade) |
| 22:00 | Create | Villager (Male) |
| 22:02 | Create | Scout Cavalry |
| 22:02 | Create | Scout Cavalry |
| 22:03 | Create | Scout Cavalry |
| 22:29 | Research | Husbandry |
| 22:29 | Research | Husbandry |
| 22:35 | Create | Villager (Male) |
| 22:43 | Research | Chain Barding Armor |
| 22:51 | Create | Villager (Male) |
| 22:57 | Create | Scout Cavalry |
| 23:04 | Create | Scout Cavalry |
| 23:21 | Create | Villager (Male) |
| 23:22 | Create | Scout Cavalry |
| 23:23 | Build | House |
| 23:34 | Create | Scout Cavalry |
| 23:40 | Create | Scout Cavalry |
| 23:41 | Create | Scout Cavalry |
| 23:53 | Create | Scout Cavalry |
| 24:02 | Create | Villager (Male) |
| 24:08 | Create | Scout Cavalry |
| 24:08 | Create | Scout Cavalry |
| 24:12 | Create | Scout Cavalry |
| 24:12 | Create | Scout Cavalry |
| 24:15 | Build | Town Center |
| 24:22 | Build | Town Center |
| 24:30 | Create | Villager (Male) |
| 24:30 | Create | Villager (Male) |
| 24:49 | Build | Lumber Camp |
| 24:49 | Create | Villager (Male) |
| 24:52 | Create | Scout Cavalry |
| 25:06 | Build | Farm |
| 25:08 | Build | Farm |
| 25:08 | Build | Farm |
| 25:09 | Build | Farm |
| 25:13 | Build | Mill |
| 25:14 | Create | Villager (Male) |
| 25:15 | Create | Villager (Male) |
| 25:26 | Build | Siege Workshop |
| 25:39 | Create | Villager (Male) |
| 25:54 | Create | Villager (Male) |
| 26:04 | Create | Scout Cavalry |
| 26:09 | Build | Monastery |
| 26:14 | Create | Villager (Male) |
| 26:15 | Create | Villager (Male) |
| 26:16 | Create | Villager (Male) |
| 26:18 | Build | House |
| 26:26 | Create | Villager (Male) |
| 26:31 | Create | Villager (Male) |
| 26:31 | Create | Villager (Male) |
| 26:34 | Build | Mill |
Build order — NOC | Target331
First 150 of 307 actions detected
| 0:20 | Build | Dock |
| 0:42 | Build | Town Center |
| 1:17 | Build | House |
| 2:29 | Create | Villager (Male) ×4 |
| 3:33 | Create | Fishing Ship |
| 3:53 | Build | House |
| 4:16 | Create | Villager (Male) |
| 4:42 | Create | Villager (Male) |
| 5:05 | Create | Villager (Male) |
| 5:24 | Create | Fishing Ship |
| 5:34 | Create | Villager (Male) |
| 5:42 | Build | House |
| 6:05 | Create | Villager (Male) |
| 6:31 | Create | Villager (Male) |
| 6:32 | Create | Fishing Ship |
| 6:50 | Build | House |
| 6:58 | Research | Loom |
| 7:11 | Create | Fishing Ship |
| 7:26 | Create | Villager (Male) |
| 7:30 | Create | Fishing Ship |
| 7:45 | Create | Villager (Male) |
| 8:12 | Create | Villager (Male) |
| 8:29 | Build | Mining Camp |
| 8:35 | Create | Villager (Male) |
| 9:11 | Create | Villager (Male) |
| 9:16 | Build | House |
| 9:41 | Create | Villager (Male) |
| 9:58 | Build | Mill |
| 10:35 | Research | Feudal Age |
| 10:53 | Build | Dock |
| 11:07 | Build | House |
| 11:10 | Build | Palisade Wall |
| 11:20 | Build | Palisade Wall |
| 11:24 | Create | Fishing Ship |
| 11:33 | Create | Villager (Male) |
| 11:34 | Create | Villager (Male) |
| 12:45 | Age | Feudal Age |
| 12:47 | Create | Unit 2626 |
| 12:47 | Create | Unit 2626 |
| 12:51 | Build | Lumber Camp |
| 12:55 | Create | Villager (Male) |
| 13:07 | Create | Villager (Male) |
| 13:38 | Create | Unit 2626 |
| 13:38 | Create | Unit 2626 |
| 13:40 | Create | Villager (Male) |
| 13:45 | Research | Double-Bit Axe |
| 14:03 | Build | Palisade Wall |
| 14:05 | Build | Palisade Wall |
| 14:14 | Create | Unit 2626 |
| 14:14 | Create | Unit 2626 |
| 14:18 | Create | Villager (Male) |
| 14:19 | Create | Villager (Male) |
| 14:23 | Build | House |
| 14:42 | Create | Fire Galley |
| 14:42 | Create | Fire Galley |
| 14:49 | Create | Villager (Male) |
| 14:57 | Build | House |
| 14:58 | Build | House |
| 15:10 | Build | Barracks |
| 15:15 | Create | Villager (Male) |
| 15:23 | Build | House |
| 15:25 | Build | House |
| 15:27 | Build | House |
| 15:39 | Create | Villager (Male) |
| 16:12 | Create | Villager (Male) |
| 16:13 | Create | Spearman |
| 16:15 | Create | Spearman |
| 16:25 | Build | Market |
| 16:59 | Create | Villager (Male) |
| 17:10 | Build | Blacksmith |
| 17:13 | Build | House |
| 17:14 | Build | House |
| 18:04 | Research | Castle Age |
| 18:58 | Create | Villager (Male) |
| 19:05 | Build | House |
| 19:07 | Build | House |
| 20:24 | Build | House |
| 20:44 | Age | Castle Age |
| 20:50 | Create | Villager (Male) |
| 20:55 | Build | Town Center |
| 21:06 | Build | Town Center |
| 21:08 | Research | Bow Saw |
| 21:25 | Create | Spearman |
| 21:25 | Create | Spearman |
| 21:26 | Create | Spearman |
| 22:00 | Create | Villager (Male) |
| 22:16 | Create | Spearman |
| 22:22 | Create | Spearman |
| 22:23 | Create | Villager (Male) |
| 22:30 | Build | House |
| 22:33 | Build | House |
| 22:51 | Create | Spearman |
| 23:10 | Create | Spearman |
| 23:11 | Create | Villager (Male) |
| 23:11 | Create | Villager (Male) |
| 23:25 | Build | Town Center |
| 23:32 | Create | Spearman |
| 23:35 | Create | Villager (Male) |
| 23:56 | Research | Pikeman (upgrade) |
| 24:07 | Create | Spearman |
| 24:14 | Build | Mill |
| 24:47 | Create | Spearman |
| 24:59 | Build | Town Center |
| 25:01 | Create | Villager (Male) |
| 25:15 | Create | Spearman |
| 26:04 | Create | Villager (Male) |
| 26:04 | Create | Villager (Male) |
| 26:04 | Create | Villager (Male) |
| 26:16 | Create | Villager (Male) |
| 26:24 | Create | Spearman |
| 26:59 | Create | Villager (Male) |
| 27:01 | Create | Villager (Male) |
| 27:07 | Create | Villager (Male) |
| 27:31 | Build | Castle |
| 27:38 | Create | Spearman |
| 27:56 | Build | Farm |
| 28:08 | Create | Villager (Male) |
| 28:21 | Build | Farm |
| 28:22 | Create | Villager (Male) |
| 28:43 | Create | Villager (Male) |
| 28:43 | Create | Villager (Male) |
| 28:46 | Create | Longbowman |
| 28:46 | Create | Longbowman |
| 28:49 | Create | Villager (Male) |
| 28:59 | Create | Villager (Male) |
| 29:01 | Create | Longbowman |
| 29:08 | Create | Villager (Male) |
| 29:18 | Create | Longbowman |
| 29:20 | Create | Villager (Male) |
| 29:21 | Create | Villager (Male) |
| 29:33 | Research | Horse Collar |
| 29:41 | Create | Longbowman |
| 29:46 | Create | Villager (Male) |
| 29:51 | Build | House |
| 29:55 | Research | Fletching |
| 29:59 | Create | Villager (Male) |
| 30:03 | Create | Villager (Male) |
| 30:21 | Create | Villager (Male) |
| 30:22 | Create | Villager (Male) |
| 30:22 | Create | Villager (Male) |
| 30:22 | Create | Villager (Male) |
| 30:43 | Create | Longbowman |
| 30:44 | Create | Longbowman |
| 31:01 | Create | Villager (Male) |
| 31:01 | Create | Villager (Male) |
| 31:01 | Create | Villager (Male) |
| 31:05 | Build | University |
| 31:09 | Build | House |
| 31:12 | Create | Longbowman |
| 31:15 | Create | Villager (Male) |
Match timeline
| 0:20 | NOC | Target331 · first_building Dock |
| 0:39 | TAG_Smiley · first_building Dock |
| 2:22 | NOC | Running · first_building Dock |
| 2:49 | TAG_Sitaux · first_building Dock |
| 10:52 | TAG_Sitaux · first_building Barracks |
| 11:10 | NOC | Target331 · wall_segment Palisade Wall x5 |
| 11:20 | NOC | Target331 · wall_segment Palisade Wall x7 |
| 11:21 | NOC | Running · first_building Barracks |
| 11:54 | TAG_Sitaux · age_up feudal |
| 11:57 | TAG_Sitaux · first_building Stable |
| 12:42 | TAG_Smiley · age_up feudal |
| 12:45 | NOC | Target331 · age_up feudal |
| 12:47 | NOC | Running · age_up feudal |
| 12:48 | NOC | Running · first_building Stable |
| 14:03 | NOC | Target331 · wall_segment Palisade Wall x1 |
| 14:05 | NOC | Target331 · wall_segment Palisade Wall x1 |
| 14:19 | TAG_Smiley · first_building Barracks |
| 15:10 | NOC | Target331 · first_building Barracks |
| 16:13 | TAG_Smiley · age_up castle |
| 16:23 | NOC | Running · age_up castle |
| 17:31 | NOC | Target331 · first_market_buy 100 food |
| 17:32 | NOC | Target331 · first_market_sell 100 wood |
| 19:05 | TAG_Sitaux · wall_segment Palisade Wall x1 |
| 19:06 | TAG_Sitaux · wall_segment Palisade Wall x1 |
| 19:08 | TAG_Smiley · first_market_buy 100 food |
| 20:26 | TAG_Smiley · first_market_sell 100 wood |
| 20:44 | NOC | Target331 · age_up castle |
| 21:14 | TAG_Smiley · wall_segment Palisade Wall x1 |
| 21:32 | TAG_Sitaux · age_up castle |
| 21:32 | TAG_Smiley · wall_segment Palisade Wall x1 |
| 21:47 | TAG_Smiley · wall_segment Palisade Wall x1 |
| 21:48 | TAG_Smiley · wall_segment Palisade Wall x1 |
| 21:50 | TAG_Smiley · wall_segment Palisade Wall x6 |
| 21:54 | TAG_Smiley · wall_segment Palisade Wall x1 |
| 23:15 | TAG_Smiley · wall_segment Palisade Wall x1 |
| 25:26 | TAG_Sitaux · first_building Siege Workshop |
| 25:31 | NOC | Running · first_building Monastery |
| 25:34 | TAG_Smiley · wall_segment Palisade Wall x5 |
| 26:09 | TAG_Sitaux · first_building Monastery |
| 27:15 | TAG_Smiley · wall_segment Palisade Wall x7 |
| 27:21 | TAG_Smiley · wall_segment Palisade Wall x1 |
| 27:31 | NOC | Target331 · first_building Castle |
| 30:53 | TAG_Smiley · wall_segment Palisade Wall x1 |
| 30:54 | TAG_Smiley · wall_segment Palisade Wall x1 |
| 31:07 | NOC | Running · first_building Castle |
| 33:29 | NOC | Running · first_market_buy 100 food |
| 33:40 | TAG_Sitaux · first_building Castle |
| 35:08 | NOC | Target331 · wall_segment Palisade Wall x1 |
| 35:16 | TAG_Sitaux · first_market_sell 500 wood |
| 35:17 | TAG_Sitaux · first_market_buy 100 food |
| 35:39 | TAG_Smiley · wall_segment Palisade Wall x1 |
| 37:02 | NOC | Running · age_up imperial |
| 38:30 | TAG_Sitaux · age_up imperial |
| 40:02 | TAG_Smiley · first_building Castle |
| 44:30 | NOC | Target331 · resign |
[ AI ANALYSIS · 1 CREDIT ]
What really happened in this match?
Wolo.gg analyzes every decision: build order, eco, micro, common mistakes by bracket. Personalized analysis on WhatsApp or Discord in 30 seconds.
Civ guide
Aztecs
Perfil
Jugador #18004412